 Dungeon Crawl Stone Soup version 0.25.1-2-g60ff931df9 (webtiles) character file.

Game seed: 3325980872355416140

1709 Granthy the Archer (level 8, -7/73 HPs)
             Began as a Centaur Hunter on Nov 18, 2020.
             Was an Initiate of Okawaru.
             Mangled by an ogre
             ... wielding a +0 giant spiked club
              (29 damage)
             ... on level 6 of the Dungeon on Nov 19, 2020.
             The game lasted 00:26:48 (8880 turns).

Granthy the Archer (Centaur Hunter)                 Turns: 8880, Time: 00:26:49

Health: -7/73      AC:  6    Str: 14    XL:     8   Next: 74%
Magic:  3/8        EV:  4    Int: 10    God:    Okawaru [......]
Gold:   301        SH:  0    Dex: 13    Spells: 7/7 levels left

rFire    . . .     SeeInvis .   a - +1 shortbow
rCold    . . .     Gourm    .   (shield currently unavailable)
rNeg     . . .     Faith    .   k - +0 scale mail (curse)
rPois    .         Spirit   .   (no helmet)
rElec    .         Reflect  .   (no cloak)
rCorr    .         Harm     .   (no gloves)
MR       .....                  (no barding)
Stlth    ..........             (no amulet)
HPRegen  0.22/turn              (no ring)
MPRegen  0.11/turn              (no ring)

@: held, glowing, very quick
A: large, hooves 3, deformed body, speed 2, tough skin 3
a: Renounce Religion


You were on level 6 of the Dungeon.
You worshipped Okawaru.
Okawaru was noncommittal.
You were not hungry.

You visited 2 branches of the dungeon, and saw 7 of its levels.

You collected 301 gold pieces.

Inventory:

Hand Weapons
 a - a +1 shortbow (weapon)
 b - a +0 short sword
 g - a +0 dagger
 z - a +1 antimagic trident
Missiles
 d - 46 arrows (quivered)
 h - 6 javelins
 o - 24 poisoned darts
 w - 8 atropa-tipped darts
 E - a curare-tipped dart
Armour
 c - a +0 leather armour
 k - a cursed +0 scale mail (worn)
 A - a +0 ring mail
Jewellery
 e - an uncursed ring of positive energy
 l - a cursed amulet of inaccuracy {unknown}
 m - an uncursed ring of protection from fire {unknown}
 n - a cursed amulet of faith
 r - an uncursed ring of magical power
 F - an uncursed ring of wizardry
Wands
 t - a wand of polymorph (11)
Scrolls
 p - 3 scrolls of immolation
 q - 2 scrolls of noise
 v - 3 scrolls of identify
 x - 6 scrolls of remove curse
 y - 4 scrolls of fog
 B - 2 scrolls of teleportation
Potions
 i - a potion of curing
 j - a potion of brilliance {unknown}
 s - a potion of invisibility
Comestibles
 f - a ration


   Skills:
 + Level 7.5 Fighting
 - Level 0.1 Short Blades
 + Level 12.0 Bows
 - Level 0.3 Throwing
 - Level 0.1 Armour
 - Level 1.3 Dodging
 - Level 0.4 Stealth


You had 7 spell levels left.
You didn't know any spells.
Your spell library was empty.

Dungeon Overview and Level Annotations

Branches:
Dungeon (6/15)             Temple (1/1) D:5

Altars:
Cheibriados
Elyvilon
Gozag
Hepliaklqana
Kikubaaqudgha
Makhleb
Nemelex Xobeh
Okawaru
Qazlal
Ru
Sif Muna
Trog
Vehumet
Wu Jian
Xom
Yredelemnul
The Shining One

Annotations:
D:4 1 runed translucent door, amb's ghost, amateur MiBe


Innate Abilities, Weirdness & Mutations

You have hooves in place of feet.
Armour fits poorly on your strangely shaped body.
You cover ground very quickly.
You have extremely tough skin. (AC +3)


Message History

You become entangled in the net!
You see here a throwing net.
You struggle against the net.
The ogre hits you with a +0 giant spiked club.
You struggle against the net.
The gnoll hits you from afar with a +0 halberd!
The gnoll shaman mumbles some strange prayers to its god against you.
You are outlined in light.
The gnoll hits you from afar with a +0 halberd!
The gnoll barely misses you.
Really read the scroll of immolation?
As you read the scroll of immolation, it crumbles to dust.
The creatures around you are filled with an inner flame!
The ogre hits you with a +0 giant spiked club.
The gnoll hits you with a +0 club. The gnoll shaman completely misses you.
The gnoll barely misses you.
You struggle against the net.
The gnoll barely misses you.
The gnoll hits you from afar with a +0 halberd!
The ogre hits you with a +0 giant spiked club!!
You die...

#..# #..#
...###+####
..%.......#
.....$...#
#(.......#
#>.!.....#
#@gg....(#
#gO......#
#ggg.....#
####........####
#...........!..#
#......#.$.....#
#......#.......#
#......#.?.....#
#...############


You could see an ogre (inner flame), a gnoll shaman (inner flame) and 5 gnolls.

Vanquished Creatures
  Sigmund (D:4)
  A yak (D:5)
  2 ice beasts (D:5)
  3 ogres
  A phantom (D:4)
  A centaur (D:5)
  4 scorpions
  2 howler monkeys (D:4)
  2 crimson imps (D:5)
  2 bullfrog zombies (D:5)
  2 hounds
  An orc wizard (D:4)
  A bullfrog skeleton (D:4)
  An iguana (D:5)
  4 worker ants
  A hound zombie (D:5)
  A mummy (D:4)
  3 adders
  A shadow imp (D:5)
  3 oozes
  An adder skeleton (D:5)
  7 worms
  A dart slug (D:4)
  4 leopard geckos
  2 orcs (D:4)
  A ball python (D:1)
  6 giant cockroaches
  10 hobgoblins
  5 jackals
  12 kobolds
  A quokka (D:2)
  7 bats
  5 frilled lizards
  7 goblins (D:1)
  A quokka skeleton (D:4)
  6 rats
113 creatures vanquished.

Notes
Turn   | Place    | Note
-------+----------+-------------------------------------------
     0 | D:1      | Granthy the Centaur Hunter began the quest for the Orb.
     0 | D:1      | Reached XP level 1. HP: 17/17 MP: 1/1
   309 | D:1      | Reached XP level 2. HP: 24/24 MP: 2/2
   330 | D:1      | Reached skill level 6 in Bows
   633 | D:1      | Reached XP level 3. HP: 28/29 MP: 3/3
  1624 | D:3      | Reached XP level 4. HP: 35/37 MP: 1/4
  1660 | D:3      | Reached skill level 7 in Bows
  2184 | D:3      | Found an iron altar of Okawaru.
  2434 | D:4      | Noticed a phantom
  2435 | D:4      | Reached XP level 5. HP: 36/44 MP: 1/5
  2641 | D:5      | Entered Level 5 of the Dungeon
  2756 | D:4      | Noticed an ogre
  2873 | D:4      | Reached skill level 8 in Bows
  2903 | D:4      | Killed an ogre
  2903 | D:4      | Reached XP level 6. HP: 25/51 MP: 2/6
  3286 | D:4      | Reached skill level 9 in Bows
  3838 | D:4      | Reached XP level 7. HP: 18/60 MP: 3/7
  4271 | D:4      | Noticed Sigmund
  4612 | D:4      | Killed Sigmund
  4612 | D:4      | Reached skill level 10 in Bows
  4738 | D:4      | Found an ancient bone altar of Kikubaaqudgha.
  4834 | D:4      | Found a burning altar of Makhleb.
  4834 | D:4      | Noticed a cacodemon
  4837 | D:4      | Noticed a neqoxec
  4837 | D:4      | Noticed a ynoxinul
  4976 | D:4      | Reached skill level 5 in Fighting
  5234 | D:4      | Found a runed translucent door.
  5234 | D:4      | Noticed amb's ghost (amateur MiBe)
  5451 | D:5      | Found a staircase to the Ecumenical Temple.
  5492 | Temple   | Entered the Ecumenical Temple
  5498 | Temple   | HP: 3/61 [hound (5)]
  6091 | D:5      | Reached XP level 8. HP: 70/70 MP: 4/8
  6181 | D:5      | Reached skill level 11 in Bows
  7456 | D:5      | Found a glowing golden altar of the Shining One.
  8305 | D:5      | Reached skill level 12 in Bows
  8695 | D:5      | Found a shimmering altar of Xom.
  8808 | D:3      | Became a worshipper of Warmaster Okawaru
  8880 | D:6      | Mangled by an ogre

Illustrated notes

Levels and vault maps discovered:
D:1:      tarquinn_simple_flora_water_b, layout_rooms, minmay_door_square
D:2:      layout_basic, minmay_pentomino_q2
D:3:      layout_rooms, lemuel_crystal_altar, first_ration, chequers_arboretum
D:4:      layout_basic, makhleb_altar_promises_db, lemuel_round_altar,
          gup_ossuary_entry_pyramid, ebering_ghost_reflecting_pool, uniq_sigmund
D:5:      layout_basic, tso_oasis_becter, kennysheep_mini,
          minmay_temple_entry_slanted, st_stairs_1
D:6:      layout_basic, nemelex_dance_club_becter
Temple:   hc_temple_tempest_star

Skill      XL: |  1  2  3  4  5  6  7  8 |
---------------+-------------------------+-----
Bows           | 6 7 8 9 10 12 | 12.0
Fighting       | 3 4 5 7 |  7.5
Short Blades   | |  0.1
Throwing       | |  0.3
Armour         | |  0.1
Dodging        | |  1.3
Stealth        | |  0.4

Action                   |  1- 3 |  4- 6 |  7- 9 || total
-------------------------+-------+-------+-------++-------
Melee: Short sword       |    31 |       |       ||    31
       Kick              |     9 |    24 |    28 ||    61
       Trident           |     6 |   129 |   130 ||   265
       Shortbow          |       |       |     1 ||     1
 Fire: Shortbow          |   100 |    20 |    36 ||   156
Throw: Javelin           |    16 |     4 |    10 ||    30
       Dart              |     3 |    55 |    52 ||   110
  Use: Potion            |       |     3 |     5 ||     8
       Scroll            |       |       |    11 ||    11
  Eat: Chunk             |     1 |     3 |     6 ||    10
       Ration            |       |     1 |     3 ||     4
Armor: Leather armour    |    32 |    34 |    18 ||    84
       Scale mail        |       |       |    48 ||    48
Dodge: Dodged            |    47 |    55 |    69 ||   171
